[Event "ICC tourney 2009 (45 10)"]
[Site "Internet Chess Club"]
[Date "2020.09.19"]
[Round "5"]
[White "CoastalJourney"]
[Black "bonnelleo1"]
[Result "0-1"]
[ICCResult "White resigns"]
[WhiteElo "1681"]
[BlackElo "1925"]
[Opening "Nimzo-Indian: classical, Noa variation"]
[ECO "E34"]
[NIC "NI.23"]
[Time "21:02:07"]
[TimeControl "2700+10"]

1. d4 Nf6 2. c4 e6 3. Nc3 Bb4 4. Qc2 d5 5. Nf3 O-O 6. Bg5 c5 7. e3 Nbd7 8.
Be2 Qa5 9. O-O Bxc3 10. Qxc3 Qxc3 11. bxc3 Ne4 12. Rac1 Nxg5 13. Nxg5 h6 14.
Nf3 b6 15. cxd5 exd5 16. c4 Ba6 17. Rfe1 Bxc4 18. Bxc4 dxc4 19. dxc5 Nxc5
20. Rxc4 Rfd8 21. g3 Rd3 22. Rd4 Ra3 23. Re2 Ne6 24. Rdd2 Rc8 25. Nd4 Rc1+
26. Kg2 Nc5 27. Rc2 Rxc2 28. Rxc2 Nd3 29. Kf1 Nb4 30. Rb2 a5 31. Ke2 Kf8 32.
Nb5 Rxa2 33. Rxa2 Nxa2 34. Kd3 Ke7 35. Kc4 Kd7 36. Nd4 a4 37. Kb5 Nc3+ 38.
Kb4 Nd1 39. Kxa4 Nxf2 40. Kb5 g6 41. Kxb6 Ng4 42. h3 Nxe3 43. g4 Kd6 44. Nf3
f5 45. gxf5 gxf5 46. Kb7 Nd5 47. Kc8 Nf6 48. Kd8 Ne4 49. Ke8 Ke6 50. Kf8 Kf6
51. Kg8 Ng5 52. Ng1 Kg6 53. Kf8 f4 54. h4 f3 55. hxg5 f2 {White resigns} 0-1

[Event "ICC tourney 2009 (45 10)"]
[Site "Internet Chess Club"]
[Date "2020.09.19"]
[Round "5"]
[White "steinutz"]
[Black "Natey"]
[Result "1-0"]
[ICCResult "Black checkmated"]
[WhiteElo "1790"]
[BlackElo "1678"]
[Opening "Trompowsky attack (Ruth, Opocenský opening)"]
[ECO "A45"]
[NIC "QP.07"]
[Time "21:02:14"]
[TimeControl "2700+10"]

1. d4 Nf6 2. Bg5 h6 3. Bh4 g6 4. e3 Bg7 5. Nd2 d5 6. Bd3 c5 7. c3 Nc6 8.
Ngf3 O-O 9. dxc5 e5 10. Be2 Qe7 11. Nb3 g5 12. Bg3 a5 13. a4 Ne4 14. Qxd5
Nxg3 15. hxg3 Be6 16. Qd1 Rad8 17. Qc2 Bxb3 18. Qxb3 Qxc5 19. Qc2 Rd7 20.
Nxg5 Rfd8 21. Ne4 Qe7 22. g4 Rc8 23. Qb3 Rdc7 24. Ng3 Qf6 25. Nf5 Bf8 26.
O-O-O Nd8 27. Kb1 Ne6 28. Rh5 Nc5 29. Qc2 Qb6 30. Rdh1 Rc6 31. Bb5 Rg6 32.
f3 Qe6 33. Rd1 e4 34. Rd4 b6 35. Qd1 Qf6 36. Nh4 Rg5 37. Rxg5+ hxg5 38. Nf5
exf3 39. gxf3 Ne6 40. Rd2 Qg6 41. Ka1 Qf6 42. Rd7 Nc5 43. Rd5 Ne6 44. Qe2
Nc5 45. Ng3 Nb3+ 46. Kb1 Qg6+ 47. Bd3 Qg7 48. Ne4 Be7 49. Bc4 Nc5 50. Nxc5
Bxc5 51. Rf5 Rf8 52. f4 Qg6 53. Bd3 gxf4 54. Rxc5 f3 55. Qf1 Qxg4 56. Rc4
Qg7 57. Qxf3 Rd8 58. Rg4 Rxd3 59. Rxg7+ Kxg7 60. Qg4+ Kf8 61. Qf4 Kg7 62.
Kc2 Rd5 63. Kb3 Rc5 64. Qd6 Rg5 65. Qxb6 f6 66. c4 Kg6 67. c5 Re5 68. c6 Re6
69. Qc5 Re5 70. Qc2+ Kg7 71. e4 Re8 72. c7 Rxe4 73. Qxe4 Kf7 74. c8=R Kg7
75. Rc7+ Kh6 76. Qg2 f5 77. Rg7 Kh5 78. Qh3# {Black checkmated} 1-0